 Dungeon Crawl Stone Soup version 0.30-a0-739-gea05faddec (webtiles) character file.

Game seed: 572903818345939059

2828 kingofthe the Cleaver (level 9, -11/65 (74) HPs)
             Began as a Gnoll Chaos Knight on Feb 4, 2023.
             Was a Plaything of Xom.
             Killed by an exploding wight (35 damage)
             ... ignited by their inner flame
             ... on level 7 of the Dungeon.
             The game lasted 00:26:29 (7397 turns).

kingofthe the Cleaver (Gnoll Chaos Knight)          Turns: 7397, Time: 00:26:29

HP:   -11/65 (74)   AC:  8    Str: 14    XL:     9   Next: 73%
MP:   16/16         EV: 13    Int: 11    God:    Xom [......]
Gold: 226           SH:  0    Dex: 14    Spells: 14/17 levels left

rFire   . . .      SeeInvis .    b - +1 sling (drain)
rCold   + . .      Faith    .    (no shield)
rNeg    . . .      Spirit   .    J - +2 leather armour {rC+}
rPois   .          Reflect  .    w - +0 helmet
rElec   .          Harm     .    K - +0 cloak
rCorr   .          Rampage  .    (no gloves)
Will    .....                    I - +0 pair of boots
Stlth   +                        (no amulet)
HPRegen 0.30/turn                i - ring of flight
MPRegen 0.15/turn                E - ring of protection from cold

@: confused, weak-willed, flying, heavily drained, unable to read
A: fangs 1, strong nose, distributed training, deformed body, cold vulnerability
1, inability to read after injury 2
a: Renounce Religion


You were on level 7 of the Dungeon.
You worshipped Xom.
You were a very special plaything of Xom.
You visited 1 branch of the dungeon, and saw 7 of its levels.
You also visited: Ossuary.

You collected 400 gold pieces.
You spent 174 gold pieces at shops.

Inventory:

Hand Weapons
 a - a +5 club
 b - a +1 sling of draining (weapon)
 t - a +0 hand axe of chaos
 v - a +2 quarterstaff of chaos
 x - a +2 scimitar of holy wrath
 N - a +3 falchion
 O - a +0 dagger of electrocution
Armour
 w - a +0 helmet (worn)
 I - a +0 pair of boots (worn)
 J - a +2 leather armour of cold resistance (worn)
 K - a +0 cloak (worn)
Magical Staves
 j - a staff of fire
Jewellery
 i - a ring of flight (left hand)
 E - a ring of protection from cold (right hand)
Wands
 g - a wand of roots (7)
 p - a wand of acid (6)
 s - a wand of flame (24)
 y - a wand of charming (6)
Scrolls
 f - 3 scrolls of enchant armour
 l - 2 scrolls of fog
 m - 6 scrolls of identify
 o - 2 scrolls of magic mapping
 z - a scroll of poison {unknown}
 A - 2 scrolls of fear
 B - 3 scrolls of enchant weapon
 C - a scroll of noise
 L - a scroll of silence {unknown}
 P - a scroll of immolation
Potions
 d - 2 potions of curing
 e - 3 potions of lignification
 h - 3 potions of mutation
 k - 4 potions of cancellation
 n - 2 potions of ambrosia
 q - 2 potions of haste {unknown}
 r - a potion of flight {unknown}
 D - 2 potions of might {unknown}
 G - 2 potions of heal wounds
 H - a potion of attraction {unknown}
 M - a potion of berserk rage {unknown}
Miscellaneous
 c - a piece from Xom's chessboard (15/15)


   Skills:
 + Level 8.1 Fighting
 + Level 4.7 Short Blades
 + Level 4.7 Long Blades
 + Level 8.1 Axes
 + Level 4.7 Maces & Flails
 + Level 4.7 Polearms
 + Level 4.7 Staves
 + Level 4.7 Ranged Weapons
 + Level 4.7 Throwing
 + Level 6.6 Armour
 + Level 5.4 Dodging
 + Level 4.7 Stealth
 + Level 4.7 Shields
 + Level 4.7 Unarmed Combat
 + Level 4.7 Spellcasting
 + Level 3.9 Conjurations
 + Level 3.9 Hexes
 + Level 3.9 Summonings
 + Level 3.9 Necromancy
 + Level 3.9 Translocations
 + Level 3.9 Transmutations
 + Level 3.9 Fire Magic
 + Level 3.9 Ice Magic
 + Level 3.9 Air Magic
 + Level 3.9 Earth Magic
 + Level 3.9 Poison Magic
 + Level 5.2 Invocations
 + Level 4.7 Evocations


You had 14 spell levels left.
You knew the following spells:

 Your Spells              Type           Power      Damage    Failure   Level
a - Slow                  Hex            44%        N/A       5%          1
b - Poisonous Vapours     Pois/Air       22%        N/A       9%          2

Your spell library contained the following spells:

 Spells                   Type           Power      Damage    Failure   Level
 Apportation              Tloc           22%        N/A       5%          1
 Beastly Appendage        Tmut           22%        N/A       5%          1
 Necrotise                Necr           44%        1d6       5%          1
 Sting                    Tmut/Pois      44%        1d5       5%          1
 Summon Small Mammal      Summ           44%        N/A       5%          1
 Wereblood                Tmut           11%        N/A       9%          2
 Confusing Touch          Hex            11%        N/A       16%         3
 Hailstorm                Conj/Ice       11%        3d5       16%         3
 Spider Form              Tmut/Pois      11%        N/A       16%         3
 Vampiric Draining        Necr           11%        2d6       16%         3
 Ice Form                 Ice/Tmut       11%        N/A       47%         4
 Olgreb's Toxic Radiance  Pois           11%        N/A       47%         4
 Simulacrum               Ice/Necr       5%         N/A       100%        6


Dungeon Overview and Level Annotations

Branches:
Dungeon (7/15)             Temple (0/1) D:4         Ossuary (visited)

Altars:
Elyvilon
Hepliaklqana
Qazlal
Xom
The Shining One

Shops:
D:1 (   D:5 *


Innate Abilities, Weirdness & Mutations

You have very sharp teeth.
Your uncanny sense of smell can sniff out nearby items.
Your experience applies equally to all skills.
Armour fits poorly on your strangely shaped body.
You are vulnerable to cold. (rC-)
You sometimes lose the ability to read scrolls when taking damage.


Message History

The wight hits you but does no damage. The orc hits you but does no damage.
The gnoll hits you from afar with a +0 spear.
As you read the scroll labelled YRGHETA XAKH, it crumbles to dust.
You hear a loud clanging noise!
It was a scroll of noise.
You hear a shout! x6; You hear a loud, deep croak!
You hear a shout! x3
The wight barely misses you. The gnoll barely misses you.
The orc hits you but does no damage.
As you read the scroll labelled DIMIUP ELUBBA, it crumbles to dust.
It is a scroll of amnesia.
Really abort (and waste the scroll)?
Okay, then.
The wight hits you with a +0 falchion.
You feel drained. The orc hits you with a +0 war axe.
The gnoll hits you from afar with a +0 spear.
As you read the scroll labelled NEEWOU JAUPYSCH, it crumbles to dust.
Magic quickly surges around you.
It was a scroll of vulnerability.
The wight hits you with a +0 falchion!
You feel threatened and lose the ability to read scrolls!
You feel drained. The gnoll hits you but does no damage.
The orc hits you but does no damage.
You shoot a sling bullet. The sling bullet hits the wight.
Flame seeps out of the wight.
The wight is moderately damaged.
The wight is engulfed in blazing flames.
Flame seeps out of the wight.
The wight closely misses you. The orc misses you. The gnoll barely misses you.
You shoot a sling bullet. The sling bullet hits the wight.
Flame seeps out of the wight.
The wight is almost destroyed.
Xom titters.
You are confused.
The wight looks rather confused. x2
The wight hits the gnoll but does no damage.
The wight is engulfed in blazing flames.
The wight explodes!
The fiery explosion engulfs you!!
Ouch! That really hurt!
You die...
Xom thinks this is hilarious!

##,##.....##,#,* ##########
#..#.......#.#,*
......<..####..#.......#.#,*
..................._.....*,*
###.####.####..#.......#,*,* #.#
#.# #..#.......#,*,**** ##.####.#
#..##.....#*,,,,,,*
##..##.).####.§####§####.#***,*
.....)........§o@°gz§....#***,*
..~..)........§######g####*,,,*
..~~.~....###..# *.#****,,,*
...~~)~)..# #..######..,,,,,,,***
#...~.~...# #...........,,,,,,,,,
#.......#.###.####.###*..,,,,,,,,
..............# *,****#..*,,,,,,
..........##### *,*,,,,,***,,,,,
.......##.# *,*,**,,***,,**,


You could see a wight (confused, weak-willed), a gnoll (weak-willed, very
drained) and an orc (weak-willed).

Vanquished Creatures
  A steam dragon (D:5)
  Duvessa (D:6)
  2 water moccasins
  An ogre (D:5)
  A phantom (D:4)
  A bullfrog (D:6)
  A necrophage (D:4)
  3 scorpions
  3 wights (D:7)
  Dowan (D:6)
  2 killer bees (D:6)
  A howler monkey (D:7)
  3 bullfrog zombies (Ossuary)
  4 jellies
  2 centaur zombies (Ossuary)
  A human zombie (D:4)
  2 hounds (D:5)
  4 orc priests
  Crazy Yiuf (D:3)
  Ijyb (D:3)
  Jessica (D:2)
  12 mummies (Ossuary)
  4 iguanas
  6 orc wizards
  A killer bee zombie (Ossuary)
  2 howler monkey zombies (Ossuary)
  Robin (D:3)
  3 gnolls (D:5)
  8 adders
  A white imp (D:5)
  An ufetubus (D:6)
  A worm (D:2)
  4 dart slugs
  28 orcs
  4 ball pythons
  4 endoplasms
  5 giant cockroaches
  17 goblins
  10 hobgoblins
  4 jackals (D:4)
  5 kobolds
  3 quokkas
  2 bats
  3 frilled lizards
  2 jackal zombies (D:4)
  4 rats
172 creatures vanquished.

Vanquished Creatures (collateral kills)
  Eustachio (D:4)
  2 bullfrog zombies (Ossuary)
  A killer bee zombie (Ossuary)
  A mummy (Ossuary)
  An ufetubus (D:4)
6 creatures vanquished.

Vanquished Creatures (others)
  2 plants (D:3)
  7 withered plants (Ossuary)
9 creatures vanquished.

Grand Total: 187 creatures vanquished

Notes
Turn   | Place    | Note
-------+----------+-------------------------------------------
     0 | D:1      | kingofthe the Gnoll Chaos Knight began the quest for the
                  | Orb.
     0 | D:1      | Reached XP level 1. HP: 23/23 MP: 1/1
    88 | D:1      | Found Ziwexucw's Antique Weapon Boutique.
   189 | D:1      | Reached XP level 2. HP: 25/29 MP: 2/2
   245 | D:1      | XOM: divination: detect items
   336 | D:1      | Reached XP level 3. HP: 27/35 MP: 3/3
   784 | D:2      | Reached skill level 1 in Invocations
   865 | D:2      | XOM: smoke on damage
   866 | D:2      | XOM: potion effect (brilliance)
   870 | D:2      | Reached skill level 1 in Short Blades
   870 | D:2      | Reached skill level 1 in Long Blades
   870 | D:2      | Reached skill level 1 in Maces & Flails
   870 | D:2      | Reached skill level 1 in Polearms
   870 | D:2      | Reached skill level 1 in Staves
   870 | D:2      | Reached skill level 1 in Ranged Weapons
   870 | D:2      | Reached skill level 1 in Throwing
   870 | D:2      | Reached skill level 1 in Stealth
   870 | D:2      | Reached skill level 1 in Shields
   870 | D:2      | Reached skill level 1 in Unarmed Combat
   870 | D:2      | Reached skill level 1 in Spellcasting
   870 | D:2      | Reached skill level 1 in Evocations
  1112 | D:2      | Reached XP level 4. HP: 41/41 MP: 5/5
  1169 | D:2      | Reached skill level 1 in Conjurations
  1169 | D:2      | Reached skill level 1 in Hexes
  1169 | D:2      | Reached skill level 1 in Summonings
  1169 | D:2      | Reached skill level 1 in Necromancy
  1169 | D:2      | Reached skill level 1 in Translocations
  1169 | D:2      | Reached skill level 1 in Transmutations
  1169 | D:2      | Reached skill level 1 in Fire Magic
  1169 | D:2      | Reached skill level 1 in Ice Magic
  1169 | D:2      | Reached skill level 1 in Air Magic
  1169 | D:2      | Reached skill level 1 in Earth Magic
  1169 | D:2      | Reached skill level 1 in Poison Magic
  1363 | D:2      | XOM: scenery: create altars
  1381 | D:2      | Noticed Jessica
  1393 | D:2      | Killed Jessica
  1682 | D:3      | Reached XP level 5. HP: 35/47 MP: 7/7
  1871 | D:3      | Noticed Robin
  1872 | D:3      | XOM: swap monsters
  1888 | D:3      | Killed Robin
  1955 | D:3      | Found a white marble altar of Elyvilon.
  1981 | D:3      | Noticed Ijyb
  2011 | D:3      | Killed Ijyb
  2127 | D:3      | Found a runed translucent door.
  2128 | D:3      | Noticed Crazy Yiuf
  2328 | D:3      | Learned a level 1 spell: Slow
  2455 | D:4      | Found a staircase to the Ecumenical Temple.
  2485 | D:4      | Reached XP level 6. HP: 47/53 MP: 8/8
  2504 | D:4      | Found a sand-covered staircase.
  2514 | Ossuary  | Entered an ossuary
  2525 | Ossuary  | Reached skill level 5 in Armour
  2613 | Ossuary  | Reached XP level 7. HP: 40/60 MP: 10/10
  2776 | Ossuary  | XOM: summons friendly quasit
  2840 | Ossuary  | XOM: polymorph quasit -> iron imp
  2847 | Ossuary  | XOM: 1-stop teleportation journey
  2939 | Ossuary  | XOM: god gift: robe {god gift}
  3330 | D:4      | Reached XP level 8. HP: 67/67 MP: 12/12
  3348 | D:4      | Noticed Eustachio
  3381 | D:4      | XOM: divination: detect creatures
  3392 | D:4      | Killed Eustachio
  3524 | D:4      | XOM: cast spell 'Disjunction'
  3768 | D:4      | XOM: 1-stop teleportation journey
  4151 | D:4      | XOM: scenery: create altars
  4158 | D:4      | Learned a level 2 spell: Poisonous Vapours
  4276 | D:1      | Bought a glowing sling for 126 gold pieces
  4363 | D:3      | Killed Crazy Yiuf
  4431 | D:5      | Entered Level 5 of the Dungeon
  4551 | D:5      | Found Coef Lil's General Store.
  4559 | D:5      | Bought a potion of degeneration for 12 gold pieces
  4559 | D:5      | Bought a potion of curing for 36 gold pieces
  4731 | D:5      | Found a stormy altar of Qazlal.
  4793 | D:5      | XOM: potion effect (invisibility)
  4812 | D:5      | XOM: divination: magic mapping
  5084 | D:6      | XOM: potion effect (brilliance)
  5085 | D:6      | XOM: cast spell 'Olgreb's Toxic Radiance'
  5092 | D:5      | XOM: confusion (+ monsters)
  5093 | D:5      | Reached XP level 9. HP: 43/73 MP: 14/14
  5204 | D:6      | XOM: potion effect (brilliance)
  5225 | D:5      | HP: 1/74 [something] (5)]
  5229 | D:5      | Reached skill level 5 in Dodging
  5443 | D:6      | XOM: polymorph shadow imp -> white imp
  5461 | D:5      | XOM: give mutations
  5461 | D:5      | Gained mutation: You occasionally lose the ability to read
                  | scrolls when taking damage. [Xom's mischief]
  5461 | D:5      | Gained mutation: You are vulnerable to cold. (rC-) [Xom's
                  | mischief]
  5461 | D:5      | Gained mutation: You sometimes lose the ability to read
                  | scrolls when taking damage. [Xom's mischief]
  5461 | D:5      | Gained mutation: Armour fits poorly on your strangely
                  | shaped body. [Xom's mischief]
  5523 | D:5      | XOM: stat loss: -1 Int (10/11)
  5780 | D:5      | XOM: 1-stop teleportation journey
  6168 | D:6      | XOM: smoke on damage
  6332 | D:6      | XOM: noise
  6415 | D:6      | XOM: god gift: 36 gold pieces
  6443 | D:6      | XOM: 2-stop teleportation journey
  6462 | D:6      | Found a hazy altar of Hepliaklqana.
  6463 | D:6      | Found a shimmering altar of Xom.
  6464 | D:6      | Noticed a spectral ugly thing
  6786 | D:6      | Reached skill level 5 in Invocations
  7071 | D:7      | Noticed Duvessa
  7071 | D:7      | Noticed Dowan
  7096 | D:6      | XOM: confuse monster(s)
  7100 | D:6      | Killed Duvessa
  7190 | D:6      | Killed Dowan
  7292 | D:7      | Found a glowing golden altar of the Shining One.
  7397 | D:7      | XOM: confusion (+ monsters)
  7397 | D:7      | Killed by an exploding wight... ignited by their inner
                  | flame

Illustrated notes

Levels and vault maps discovered:
D:1:      lemuel_arrival_lava_pool, layout_basic, serial_shops, shop,
          minmay_split_cup_large
D:2:      layout_loops_cross, uniq_jessica
D:3:      layout_rooms, elyvilon_altar_5, serial_bayou_pond_d,
          uniq_crazy_yiuf_cottage, uniq_ijyb, uniq_robin
D:4:      layout_gridville, minmay_temple_entry_from_below_a, enter_ossuary_3,
          uniq_eustachio
D:5:      layout_basic, lemuel_doored_altar, serial_shops, shop,
          kennysheep_flooded_box, interstate_on_off
D:6:      lemuel_ice_spiral_2, layout_basic, regret_index_temple_of_mockery
D:7:      layout_loops_ring, nicolae_dithmenos_shadow_blocks,
          old_standard_altar, serial_shops, nicolae_take_the_stairs,
          hangedman_decor_riveting, dk_vineyard_3, minmay_nine_imps,
          uniq_duvessa

Skill      XL: |  1  2  3  4  5  6  7  8  9 |
---------------+----------------------------+-----
Invocations    | 1 2 3 4 5 |  5.2
Short Blades   | 1 2 3 4 |  4.7
Long Blades    | 1 2 3 4 |  4.7
Maces & Flails | 1 2 3 4 |  4.7
Polearms       | 1 2 3 4 |  4.7
Staves         | 1 2 3 4 |  4.7
Ranged Weapons | 1 2 3 4 |  4.7
Throwing       | 1 2 3 4 |  4.7
Stealth        | 1 2 3 4 |  4.7
Shields        | 1 2 3 4 |  4.7
Unarmed Combat | 1 2 3 4 |  4.7
Spellcasting   | 1 2 3 4 |  4.7
Evocations     | 1 2 3 4 |  4.7
Conjurations   | 1 2 3 |  3.9
Hexes          | 1 2 3 |  3.9
Summonings     | 1 2 3 |  3.9
Necromancy     | 1 2 3 |  3.9
Translocations | 1 2 3 |  3.9
Transmutations | 1 2 3 |  3.9
Fire Magic     | 1 2 3 |  3.9
Ice Magic      | 1 2 3 |  3.9
Air Magic      | 1 2 3 |  3.9
Earth Magic    | 1 2 3 |  3.9
Poison Magic   | 1 2 3 |  3.9
Dodging        | 3 4 5 |  5.4
Armour         | 5 6 |  6.6
Fighting       | 7 8 |  8.1
Axes           | 7 8 |  8.1

Action                     |  1- 3 |  4- 6 |  7- 9 || total
---------------------------+-------+-------+-------++-------
  Melee: Hand axe          |    76 |     7 |       ||    83
         Bite              |     5 |     9 |    13 ||    27
         Punch             |     1 |       |     5 ||     6
         Club              |       |    90 |   131 ||   221
         Sling             |       |       |     4 ||     4
   Fire: Sling             |     4 |   145 |   392 ||   541
   Cast: Poisonous Vapours |       |       |     7 ||     7
         Slow              |       |       |     1 ||     1
  Evoke: Piece from Xom's  |     6 |     3 |     2 ||    11
    Use: Scroll            |       |       |    13 ||    13
         Potion            |       |       |     5 ||     5
   Stab: Petrified         |     1 |       |       ||     1
         Confused          |       |     4 |       ||     4
         Sleeping          |       |     1 |     1 ||     2
         Distracted        |       |       |     1 ||     1
 Armour: Leather armour    |    22 |    51 |   235 ||   308
  Dodge: Dodged            |    57 |   104 |   432 ||   593

Table legend: (Time is in decaauts)
 A = Elapsed time spent in this place.
 B = Non-inter-level travel time spent in this place.
 C = Inter-level travel time spent in this place.
 D = Time resting spent in this place.
 E = Time spent auto-exploring this place.
 F = Levels seen in this place.
 G = Mean time per level.
                   A        B        C        D        E       F      G
               +--------+--------+--------+--------+--------+-----+--------+
         Total |   7610 |   7119 |    491 |   1427 |   3739 |   8 |  951.2 |
       Dungeon |   6962 |   6471 |    491 |   1318 |   3599 |   7 |  994.6 |
       Ossuary |    648 |    648 |      0 |    109 |    140 |   1 |  648.0 |
               +--------+--------+--------+--------+--------+-----+--------+

Top non-repeatable levels by time:
     D:5: 1421 daAuts
     D:6: 1382 daAuts
     D:4: 1299 daAuts
     D:2: 952 daAuts
     D:3: 926 daAuts
     D:1: 743 daAuts
 Ossuary: 648 daAuts
     D:7: 237 daAuts
